[Event "Titled Tuesday Blitz March 21 Early 2023"]
[White "Karthik Rajaa"]
[Black "Mackster23"]
[WhiteFideId "25035215"]
[WhiteElo "2215"]
[BlackElo "2538"]
[Result "1-0"]
[Round "06"]
[TimeControl "180+2"]
[Date "2023.03.21"]
[WhiteClock "0:00:16"]
[BlackClock "0:00:02"]

1. Nf3 e6 2. c4 f5 3. Nc3 Nf6 4. g3 g6 5. Bg2 Bg7 6. d3 O-O 7. e4 d6 8. exf5 gxf5 9. d4 Ne4 10. O-O Nxc3 11. bxc3 Qf6 12. Re1 Nd7 13. c5 dxc5 14. Bf4 c6 15. Rb1 cxd4 16. cxd4 Nb6 17. Be5 Qe7 18. Bxg7 Qxg7 19. a4 Nd5 20. Qb3 b6 21. Ne5 Bd7 22. Rbc1 Rac8 23. Qa3 Rfd8 24. Bxd5 exd5 25. a5 Qf8 26. Qa2 Qf6 27. axb6 axb6 28. Qa7 Be8 29. Qxb6 Rd6 30. Qb7 Rcd8 31. Ra1 Re6 32. Ra7 Qh6 33. Qc7 Red6 34. Nd3 Bh5 35. Re7 Bg6 36. Nf4 Qf8 37. Rxh7 1-0


[Site "https://www.chess.com"]

[Event "Titled Tuesday Blitz March 21 Early 2023"]
[White "Omelja, Artem"]
[Black "Darini, Pouria"]
[WhiteFideId "14119846"]
[BlackFideId "12502200"]
[WhiteElo "2404"]
[BlackElo "2482"]
[Result "1-0"]
[Round "06"]
[TimeControl "180+2"]
[Date "2023.03.21"]
[WhiteClock "0:01:17"]
[BlackClock "0:00:18"]

1. e4 c5 2. Nf3 Nc6 3. Bb5 e6 4. O-O Nge7 5. c3 a6 6. Ba4 b5 7. Bc2 Bb7 8. d4 cxd4 9. Nxd4 Ng6 10. Be3 Nge5 11. Nd2 h5 12. h3 g5 13. Nxc6 Bxc6 14. Bd4 f6 15. Nf3 Bd6 16. Nxe5 Bxe5 17. Bxe5 fxe5 18. Qd6 Qf6 19. f3 Qf4 20. Rad1 g4 21. Qd2 gxh3 22. Qxf4 exf4 23. Kh2 hxg2 24. Rg1 Ke7 25. Rxg2 Rag8 26. Rdg1 Rxg2+ 27. Rxg2 Kf6 28. Kh3 Rh6 29. Kh4 Rg6 30. e5+ 1-0


[Site "https://www.chess.com"]

[Event "Titled Tuesday Blitz March 21 Early 2023"]
[White "Padmini, Rout"]
[Black "Lewtak, Damian"]
[WhiteFideId "5029295"]
[BlackFideId "1141724"]
[WhiteElo "2314"]
[BlackElo "2302"]
[Result "1/2-1/2"]
[Round "06"]
[TimeControl "180+2"]
[Date "2023.03.21"]
[WhiteClock "0:00:05"]
[BlackClock "0:00:06"]

1. e4 c5 2. Nf3 Nc6 3. d4 cxd4 4. Nxd4 d5 5. exd5 Qxd5 6. Nxc6 bxc6 7. Nc3 Qxd1+ 8. Nxd1 e5 9. Ne3 Be6 10. Bc4 Bxc4 11. Nxc4 f6 12. Be3 Ne7 13. Nd6+ Kd7 14. O-O-O Ke6 15. c4 g6 16. Kc2 Nf5 17. Nxf5 gxf5 18. g3 h5 19. Rd2 Bb4 20. Rd3 Rhd8 21. Rb3 Be7 22. Rb7 Rd7 23. Rxd7 Kxd7 24. Rd1+ Ke6 25. Rd3 h4 26. Rb3 h3 27. Rb7 a5 28. Ra7 Rxa7 29. Bxa7 f4 30. gxf4 Bd6 31. f3 Kf5 32. Be3 e4 33. fxe4+ Kxe4 34. Kd2 Kf3 35. c5 Bc7 36. b3 Kg2 37. Ke2 f5 38. a3 Bd8 39. b4 a4 40. Bd4 Bh4 41. Be5 Kxh2 42. b5 Kg2 43. b6 h2 44. b7 h1=Q 45. b8=Q Qe1+ 46. Kd3 Qd1+ 47. Kc3 Qc1+ 48. Kd3 Qd1+ 49. Kc3 Qa1+ 50. Kb4 Be1+ 51. Kxa4 Qd1+ 52. Qb3 Qe2 53. Qg8+ Kf1 54. Kb3 Qd3+ 55. Kb2 Qd2+ 56. Kb3 Qd1+ 57. Kb2 Qd2+ 58. Kb3 Qd3+ 59. Kb2 Qb5+ 60. Kc2 Ke2 61. Qb3 Qxc5+ 62. Kb1 Bd2 63. Qc2 Qb5+ 64. Ka2 Qd5+ 65. Kb2 c5 66. Qxf5 c4 67. Qg4+ Ke3 68. Qg3+ Ke2 69. Qh2+ Kf1 70. Qh3+ Kf2 71. Qh4+ Kg2 72. Qg4+ Kf2 73. Qh4+ Kf1 74. Qh3+ Ke2 75. Qg4+ Ke1 76. Qh4+ Kd1 77. Qg4+ Ke1 78. Qh4+ Ke2 79. Qg4+ 1/2-1/2


[Site "https://www.chess.com"]

[Event "Titled Tuesday Blitz March 21 Early 2023"]
[White "Petukhov, Dmitry"]
[Black "Starozhilov, Leonid"]
[WhiteFideId "4142748"]
[BlackFideId "14106752"]
[WhiteElo "2311"]
[BlackElo "2402"]
[Result "1-0"]
[Round "06"]
[TimeControl "180+2"]
[Date "2023.03.21"]
[WhiteClock "0:00:08"]
[BlackClock "0:00:04"]

1. e4 g6 2. d4 Bg7 3. Nc3 d6 4. Be3 Nf6 5. Qd2 c6 6. a4 Qa5 7. f3 e5 8. Nge2 Nbd7 9. d5 cxd5 10. Nxd5 Qxd2+ 11. Kxd2 Nxd5 12. exd5 f5 13. c4 Nc5 14. Bxc5 dxc5 15. Nc3 Bd7 16. a5 Ke7 17. Bd3 Kd6 18. Bc2 h5 19. Ba4 Bh6+ 20. Kc2 Rhe8 21. Bxd7 Kxd7 22. a6 b6 23. Rhe1 h4 24. h3 Bf4 25. Nb5 g5 26. Rab1 Rg8 27. Re2 g4 28. hxg4 fxg4 29. fxg4 Rxg4 30. Nc3 Rag8 31. Rh1 Kc7 32. Nb5+ Kb8 33. Kb3 R8g7 34. Ka4 Bg3 35. b3 Bf4 36. Nd6 Kc7 37. Nb5+ Kc8 38. Nd6+ Kd8 39. Ne4 Kc7 40. Kb5 R7g6 41. d6+ Kd7 42. Rh3 Ke6 43. Kc6 Rg8 44. Kb7 R8g7+ 45. Kc6 Rg8 46. Rd3 R4g7 47. d7 Rd8 48. Rd6+ Kf5 49. Kc7 Rdg8 50. Rd5 Rf8 51. Nd6+ Kg4 52. Kc6 Rd8 53. Nb7 Rf8 54. d8=Q Rg6+ 55. Rd6 Rxd8 56. Nxd8 Rg8 57. Ne6 Kg3 58. Nxf4 exf4 59. Rf6 Rg7 60. Re4 Rg4 61. Kb7 Rg7+ 62. Ka8 Kxg2 63. Rfxf4 h3 64. Rg4+ Rxg4 65. Rxg4+ 1-0


[Site "https://www.chess.com"]

[Event "Titled Tuesday Blitz March 21 Early 2023"]
[White "Staudenhocker43"]
[Black "Aggelis, Nikolaos"]
[BlackFideId "4213220"]
[WhiteElo "2496"]
[BlackElo "2189"]
[Result "1-0"]
[Round "06"]
[TimeControl "180+2"]
[Date "2023.03.21"]
[WhiteClock "0:00:17"]
[BlackClock "0:00:04"]

1. d4 f5 2. Nc3 d5 3. Bf4 Nf6 4. e3 Be6 5. Nf3 Bf7 6. Bd3 e6 7. Ne5 Bh5 8. f3 Nbd7 9. Ne2 Nxe5 10. Bxe5 Be7 11. O-O O-O 12. c4 c6 13. Qc2 a6 14. Rab1 b5 15. cxd5 cxd5 16. Rbc1 Rc8 17. Qd2 Qb6 18. Nf4 Bf7 19. Rxc8 Rxc8 20. Rc1 Qb7 21. Kf2 Nd7 22. Ne2 Nxe5 23. dxe5 Bc5 24. f4 Bh5 25. Nd4 Kf7 26. b4 Bxd4 27. exd4 Rc6 28. Rxc6 Qxc6 29. Qc2 Qxc2+ 30. Bxc2 Ke7 31. a4 Kd7 32. axb5 axb5 33. Bd3 Kc6 34. Kg3 Bd1 35. Kh4 h6 36. h3 g6 37. Kg3 Bb3 38. Kf3 Bc4 39. Bc2 Kd7 40. g4 Ke7 41. h4 Kf7 42. Bd1 Bd3 43. h5 gxh5 44. gxf5 exf5 45. Kg3 Kg7 46. Bxh5 Kf8 47. Bf3 Bc4 48. Kh4 Kg7 49. Kh5 Bb3 50. Kh4 Bc4 51. Bh5 Bd3 52. Be8 Bc4 53. Bd7 Kg6 54. Be6 Bb3 55. Bd7 Bc4 56. Be8+ Kg7 57. Kg3 Bd3 58. Kf3 Bc4 59. Kg3 Bd3 60. Kf2 Bc4 61. Ke3 Bf1 62. Bc6 Bc4 63. Bd7 Kg6 64. Be8+ Kg7 65. Kf3 Bd3 66. Kg3 Bc4 67. Kh4 Bd3 68. Bd7 Kg6 69. e6 Kf6 70. Kh5 Bc4 71. Kxh6 Bd3 72. Kh7 Bc4 73. Kg8 Ke7 74. Kg7 Bd3 75. Kg6 Bc4 76. Kxf5 Bd3+ 77. Ke5 1-0


[Site "https://www.chess.com"]

[Event "Titled Tuesday Blitz March 21 Early 2023"]
[White "Belov, Alexei"]
[Black "Papasimakopoulos, Alexandros"]
[WhiteFideId "4128206"]
[BlackFideId "4244125"]
[WhiteElo "2492"]
[BlackElo "2359"]
[Result "0-1"]
[Round "06"]
[TimeControl "180+2"]
[Date "2023.03.21"]
[WhiteClock "0:00:02"]
[BlackClock "0:00:35"]

1. e4 e6 2. d4 d5 3. Nd2 Nf6 4. e5 Nfd7 5. Bd3 c5 6. c3 Nc6 7. Ne2 cxd4 8. cxd4 f6 9. exf6 Nxf6 10. Nf3 Bd6 11. O-O Qc7 12. Bg5 O-O 13. Rc1 Bd7 14. Ng3 h6 15. Be3 Ng4 16. Bd2 Rf7 17. Bg6 Rf6 18. Bb1 Be8 19. Re1 a6 20. a3 Bg6 21. Bxg6 Rxg6 22. Qc2 Qf7 23. Be3 Rf8 24. Re2 Nxe3 25. Rxe3 Bf4 26. Rce1 Bxe3 27. Rxe3 Rg4 28. Qd3 Qg6 29. Qd2 Rgf4 30. h3 Rxf3 31. Rxf3 Rxf3 32. gxf3 Qf6 33. Qe3 Nxd4 34. f4 Nf5 35. Qb3 Nd6 36. Qe3 Nc4 37. Qc1 Qxb2 38. Qe1 Kf7 39. f5 e5 40. Kh2 e4 0-1


[Site "https://www.chess.com"]

[Event "Titled Tuesday Blitz March 21 Early 2023"]
[White "Vaglio Munoz, Jaime"]
[Black "Fromm, Marius"]
[WhiteFideId "6500145"]
[BlackFideId "12993190"]
[WhiteElo "2199"]
[BlackElo "2325"]
[Result "1-0"]
[Round "06"]
[TimeControl "180+2"]
[Date "2023.03.21"]
[WhiteClock "0:00:16"]
[BlackClock "0:00:02"]

1. Nf3 c5 2. c4 Nc6 3. b3 e5 4. Bb2 e4 5. Ne5 Nf6 6. Nxc6 dxc6 7. g3 Bf5 8. Bg2 h5 9. h3 Bd6 10. Nc3 Qe7 11. e3 O-O-O 12. Qc2 Be5 13. O-O-O Rd3 14. Bf1 Rd7 15. f3 Qe6 16. f4 Bc7 17. Na4 b6 18. Bxf6 Qxf6 19. Qc3 Qg6 20. Rg1 Bd8 21. Qb2 Bf6 22. Nc3 Bxc3 23. Qxc3 f6 24. g4 hxg4 25. hxg4 Bxg4 26. Be2 Rh4 27. Rg2 Qh5 28. Bxg4 Rxg4 29. Rf2 Kb7 30. f5 Rd3 31. Qb2 Qh3 32. b4 cxb4 33. Qxb4 c5 34. Qb5 Qh5 35. a4 Qf7 36. a5 Ra3 37. axb6 axb6 38. d4 Ra5 39. Qb3 Rg3 40. Rb2 1-0


[Site "https://www.chess.com"]

[Event "Titled Tuesday Blitz March 21 Early 2023"]
[White "Yosha_Iglesias"]
[Black "Cuenca Jimenez, Jose Fernando"]
[BlackFideId "2255570"]
[WhiteElo "2469"]
[BlackElo "2429"]
[Result "1/2-1/2"]
[Round "06"]
[TimeControl "180+2"]
[Date "2023.03.21"]
[WhiteClock "0:00:07"]
[BlackClock "0:00:04"]

1. d4 Nf6 2. Nf3 d5 3. e3 c5 4. c3 e6 5. Nbd2 b6 6. Bd3 Be7 7. O-O Bb7 8. Qe2 O-O 9. b3 Ne4 10. Bb2 Nd7 11. Rfd1 Qc7 12. Rac1 Rac8 13. c4 Qb8 14. cxd5 exd5 15. Ba6 Bd6 16. Bxb7 Qxb7 17. dxc5 Bxc5 18. Nd4 Ndf6 19. Nxe4 Nxe4 20. Qg4 f6 21. Ne6 Rfe8 22. Rxd5 Qf7 23. Qxe4 Rxe6 24. Qd3 Rce8 25. a3 a5 26. g3 R6e7 27. Rd1 h6 28. Rd8 Rxd8 29. Qxd8+ Re8 30. Qd5 Qxd5 31. Rxd5 Kf7 32. Rd7+ Kg6 33. Kg2 h5 34. Kf3 Re6 35. e4 Rc6 36. Ke2 Bf8 37. f4 Rc2+ 38. Rd2 Rc6 39. f5+ Kf7 40. Rd7+ Ke8 41. Rd2 Bc5 42. Kd3 Rd6+ 43. Kc2 Rc6 44. Kb1 Ke7 45. Ka2 Ke8 46. Rc2 Kd7 47. Bc3 Rc8 48. b4 axb4 49. Bxb4 Kc6 50. Bxc5 bxc5 51. Kb3 Rd8 52. Kc3 Rd4 53. Re2 Ra4 54. Kb3 Rd4 55. e5 fxe5 56. Rxe5 Rd3+ 57. Kc4 Rxa3 58. Rxc5+ Kd6 59. Rb5 Ke7 60. Rb6 Ra2 61. Kd4 Rxh2 62. Ke5 Kf7 63. Rb7+ Kg8 64. Kf4 Rf2+ 65. Kg5 Rf3 66. Kxh5 Rxg3 67. Kh4 Rg1 68. Kh5 Rh1+ 69. Kg5 Rg1+ 70. Kh5 Rh1+ 71. Kg5 Rg1+ 72. Kh5 1/2-1/2


[Site "https://www.chess.com"]

[Event "Titled Tuesday Blitz March 21 Early 2023"]
[White "Demin, Vladimir"]
[Black "Rottenwohrer Suarez, Juan"]
[WhiteFideId "4167457"]
[BlackFideId "32068182"]
[WhiteElo "2628"]
[BlackElo "2174"]
[Result "1-0"]
[Round "06"]
[TimeControl "180+2"]
[Date "2023.03.21"]
[WhiteClock "0:00:14"]
[BlackClock "0:00:12"]

1. e4 c5 2. Nf3 Nc6 3. c3 Nf6 4. e5 Nd5 5. d4 cxd4 6. cxd4 d6 7. Bc4 dxe5 8. dxe5 Ndb4 9. Nc3 Qxd1+ 10. Kxd1 Bg4 11. Re1 Rd8+ 12. Bd2 e6 13. a3 Nd3 14. Bxd3 Rxd3 15. Ke2 Nxe5 16. Bf4 Nxf3 17. Kxd3 Nxe1+ 18. Rxe1 Bc5 19. f3 Bf5+ 20. Kc4 Be7 21. Rd1 a6 22. Ne4 Bxe4 23. fxe4 g5 24. Bd6 Bxd6 25. Rxd6 Ke7 26. Rb6 Rc8+ 27. Kd3 Rc7 28. e5 h6 29. b4 Kd7 30. b5 axb5 31. Rxb5 Kc8 32. h4 Rd7+ 33. Ke3 Rd5 34. Rxd5 exd5 35. hxg5 hxg5 36. Kd4 Kc7 37. Kxd5 Kd7 38. g4 Ke7 39. a4 Kd7 40. a5 Kc7 41. Kc5 Kc8 42. Kd6 Kd8 43. e6 fxe6 44. Kxe6 Kc7 45. Kf6 Kc6 46. Kxg5 Kb5 47. Kf6 Kxa5 48. g5 b5 49. g6 b4 50. g7 b3 51. g8=Q Kb4 52. Qg1 1-0


[Site "https://www.chess.com"]

[Event "Titled Tuesday Blitz March 21 Early 2023"]
[White "Mazurkiewicz, Michal"]
[Black "Ozates, Tuna"]
[WhiteFideId "1124943"]
[BlackFideId "6354521"]
[WhiteElo "2054"]
[BlackElo "2151"]
[Result "1-0"]
[Round "06"]
[TimeControl "180+2"]
[Date "2023.03.21"]
[WhiteClock "0:00:46"]
[BlackClock "0:00:33"]

1. e4 c5 2. Nf3 Nc6 3. g3 e5 4. Bg2 g6 5. O-O Bg7 6. d3 d6 7. Nc3 Nge7 8. Nd2 Be6 9. Nc4 Qd7 10. a4 O-O 11. Nd5 f5 12. f4 fxe4 13. dxe4 Bg4 14. Qd3 Rad8 15. c3 Nxd5 16. exd5 Ne7 17. fxe5 dxe5 18. Rxf8+ Kxf8 19. Bg5 Bf5 20. Qe3 Nxd5 21. Qxc5+ Ne7 22. Nxe5 Qe6 23. Re1 Bxe5 24. Rxe5 Rd1+ 25. Kf2 Qb6 26. Bxe7+ Kf7 27. Qxb6 axb6 28. Bg5 Bd7 29. Bd5+ Kg7 30. Re7+ 1-0


[Site "https://www.chess.com"]

[Event "Titled Tuesday Blitz March 21 Early 2023"]
[White "Tarasova, Viktoriya"]
[Black "wqws"]
[WhiteFideId "4175840"]
[WhiteElo "2182"]
[BlackElo "2623"]
[Result "0-1"]
[Round "06"]
[TimeControl "180+2"]
[Date "2023.03.21"]
[WhiteClock "0:00:09"]
[BlackClock "0:01:28"]

1. d4 Nf6 2. c4 e6 3. Nc3 Bb4 4. Nf3 O-O 5. Bg5 h6 6. Bh4 d5 7. cxd5 exd5 8. e3 Bg4 9. Bd3 c6 10. h3 Bh5 11. Qc2 Nbd7 12. Ne5 g5 13. Bg3 Nxe5 14. Bxe5 Ne4 15. f3 Nxc3 16. bxc3 f6 17. Bg3 Bd6 18. Bf2 f5 19. Bxf5 Qf6 20. g4 Bg6 21. Bxg6 Qxf3 22. Bf5 Qxh1+ 23. Ke2 Qh2 24. Rf1 Rae8 25. Bh7+ Kh8 26. Bg6 Re7 27. Bf5 Bg3 28. Qd1 Rfe8 0-1


[Site "https://www.chess.com"]

[Event "Titled Tuesday Blitz March 21 Early 2023"]
[White "Aaditya Dhingra"]
[Black "Melikhov, Evgeny V."]
[WhiteFideId "25678191"]
[BlackFideId "4122046"]
[WhiteElo "2083"]
[BlackElo "2158"]
[Result "1-0"]
[Round "06"]
[TimeControl "180+2"]
[Date "2023.03.21"]
[WhiteClock "0:00:54"]
[BlackClock "0:00:05"]

1. c4 e5 2. Nc3 d6 3. g3 f5 4. d3 Nf6 5. Bg2 Be7 6. e3 O-O 7. Nge2 a5 8. O-O c6 9. Rb1 Na6 10. a3 Nc7 11. b4 axb4 12. axb4 Bd7 13. f4 Qe8 14. h3 Qh5 15. b5 Ne6 16. bxc6 Bxc6 17. Nd5 Bxd5 18. cxd5 Nc5 19. Nc3 e4 20. dxe4 Qxd1 21. Rxd1 fxe4 22. g4 h6 23. Nb5 Ra2 24. Bb2 Nd3 25. Bxf6 Bxf6 26. Nxd6 Re2 27. Nxe4 Rxe3 28. Nxf6+ Rxf6 29. Rb3 Re1+ 30. Rxe1 Nxe1 31. f5 Nxg2 32. Kxg2 Rd6 33. Rb5 Kf7 34. Kf3 Kf6 35. Ke4 b6 36. h4 g6 37. Kf4 gxf5 38. gxf5 h5 39. Ke4 Rd8 40. Rxb6+ Ke7 41. f6+ Kf7 42. Ke5 Re8+ 43. Kf5 Ra8 44. Rb7+ Kf8 45. Kg6 Re8 46. Rh7 1-0


[Site "https://www.chess.com"]

[Event "Titled Tuesday Blitz March 21 Early 2023"]
[White "Loiacono, Antonio"]
[Black "Savitha Shri B"]
[WhiteFideId "895415"]
[BlackFideId "35061887"]
[WhiteElo "2257"]
[BlackElo "2191"]
[Result "0-1"]
[Round "06"]
[TimeControl "180+2"]
[Date "2023.03.21"]
[WhiteClock "0:00:01"]
[BlackClock "0:00:16"]

1. e4 c5 2. Nf3 Nc6 3. d4 cxd4 4. Nxd4 Nf6 5. Nc3 d6 6. Nf3 g6 7. Bc4 Bg7 8. e5 dxe5 9. Qxd8+ Nxd8 10. Nxe5 O-O 11. O-O Ng4 12. Nxg4 Bxg4 13. Be3 Nc6 14. Bb3 Nd4 15. Rfe1 Nxb3 16. axb3 a6 17. Bc5 Rfc8 18. Bxe7 Bxc3 19. bxc3 Rxc3 20. Rac1 Bf5 21. Bf6 Rxc2 22. Rxc2 Bxc2 23. b4 b6 24. h4 a5 25. bxa5 bxa5 26. h5 gxh5 27. Re5 a4 28. Rg5+ Bg6 29. f4 Ra6 30. Ba1 Rb6 31. Kh2 f6 32. Ra5 Bc2 33. Rxh5 Kg7 34. Rc5 Bd1 35. Rd5 Bb3 36. Ra5 Rd6 37. g4 Rd1 38. Bc3 Rd3 39. Ba1 Rf3 40. g5 Rxf4 41. gxf6+ Kg6 42. Ra7 Bf7 43. Kg3 Rc4 44. Ra5 h5 45. Rb5 Rc1 46. Bb2 Rb1 47. Rb4 Bb3 48. Bd4 Rd1 49. Bb2 Rd3+ 50. Kf4 h4 51. Bd4 h3 52. Rb7 Bf7 53. Bg1 a3 54. Ra7 Rd1 55. Bh2 a2 56. Kg3 Rd3+ 57. Kg4 Rd1 58. Rxa2 Bxa2 59. Kxh3 Kxf6 60. Kg3 Kf5 61. Kf3 Rd3+ 62. Ke2 Bc4 63. Kf2 Rd2+ 64. Kg1 Kg4 65. Be5 Kf3 66. Bc3 Rd1+ 67. Kh2 Bd5 68. Be5 Kg4 0-1


[Site "https://www.chess.com"]

[Event "Titled Tuesday Blitz March 21 Early 2023"]
[White "Crevatin, Leo"]
[Black "Guzman Moneo, Alberto"]
[WhiteFideId "1726307"]
[BlackFideId "2209616"]
[WhiteElo "2190"]
[BlackElo "2157"]
[Result "0-1"]
[Round "06"]
[TimeControl "180+2"]
[Date "2023.03.21"]
[WhiteClock "0:00:10"]
[BlackClock "0:00:38"]

1. e4 c5 2. Nf3 Nc6 3. Bb5 Nf6 4. e5 Nd5 5. Nc3 Nc7 6. Bxc6 dxc6 7. O-O Bg4 8. h3 Bh5 9. d3 Ne6 10. Ne4 Qd5 11. g4 Bg6 12. Nc3 Qd7 13. Nh4 h5 14. Nxg6 fxg6 15. Ne4 Qd4 16. Be3 Qxe5 17. f4 Qd5 18. f5 Nd4 19. fxg6 O-O-O 20. Bxd4 Qxd4+ 21. Kg2 c4 22. c3 Qd5 23. Rf5 e5 24. gxh5 cxd3 25. Qg4 Kb8 26. b3 Ba3 27. Rd1 Bb2 28. Qf3 a5 29. Kh2 Ba3 30. Nf2 Qd6 31. Rxd3 e4+ 32. Rxd6 Bxd6+ 33. Qg3 Bxg3+ 34. Kxg3 e3 35. Ng4 e2 36. Re5 Rhe8 37. Kf2 Rxe5 38. Nxe5 e1=Q+ 39. Kxe1 Re8 0-1


[Site "https://www.chess.com"]

[Event "Titled Tuesday Blitz March 21 Early 2023"]
[White "Yelisieiev, Yevhenii"]
[Black "lolliNOPE"]
[WhiteFideId "14139642"]
[WhiteElo "2447"]
[BlackElo "2045"]
[Result "0-1"]
[Round "06"]
[TimeControl "180+2"]
[Date "2023.03.21"]
[WhiteClock "0:00:08"]
[BlackClock "0:00:39"]

1. d4 Nf6 2. Nf3 d5 3. c4 e6 4. Nc3 Be7 5. Bg5 O-O 6. e3 b6 7. cxd5 exd5 8. Bd3 Bb7 9. Qc2 h6 10. Bh4 c5 11. O-O Na6 12. a3 Nc7 13. Rfd1 Ne6 14. dxc5 bxc5 15. Bf5 d4 16. Bxe6 fxe6 17. Ne5 Qc7 18. Ng6 dxc3 19. Bg3 Qb6 20. Nxe7+ Kf7 21. Ng6 cxb2 22. Rab1 Be4 23. Ne5+ Kg8 24. Nd3 Rab8 25. f3 Bxd3 26. Rxd3 Rb7 27. e4 c4+ 28. Bf2 cxd3 29. Qxd3 Qb3 30. Qd4 Rd7 31. Rxb2 Qd1+ 32. Qxd1 Rxd1+ 0-1


[Site "https://www.chess.com"]

[Event "Titled Tuesday Blitz March 21 Early 2023"]
[White "Omariev, Maksim"]
[Black "Raja Rithvik R"]
[WhiteFideId "4193423"]
[BlackFideId "35007394"]
[WhiteElo "2461"]
[BlackElo "2402"]
[Result "1-0"]
[Round "06"]
[TimeControl "180+2"]
[Date "2023.03.21"]
[WhiteClock "0:00:09"]
[BlackClock "0:02:09"]

1. g4 d5 2. Bg2 c6 3. h3 e5 4. d4 e4 5. c4 h5 6. g5 Ne7 7. Nc3 Nf5 8. h4 Be6 9. Bf4 Be7 10. e3 g6 11. Nge2 O-O 12. c5 b6 13. b4 a5 14. a3 Na6 15. Rb1 axb4 16. axb4 Nc7 17. cxb6 Nb5 18. b7 Rb8 19. Nxb5 cxb5 20. Bxb8 Qxb8 21. Nf4 Bd6 22. Nxh5 gxh5 23. Qxh5 Qxb7 24. g6 Ng7 25. Qh7# 1-0


[Site "https://www.chess.com"]

[Event "Titled Tuesday Blitz March 21 Early 2023"]
[White "Timofeev, Artyom"]
[Black "Aarav Dengla"]
[WhiteFideId "4140419"]
[BlackFideId "45059756"]
[WhiteElo "2586"]
[BlackElo "2285"]
[Result "1-0"]
[Round "06"]
[TimeControl "180+2"]
[Date "2023.03.21"]
[WhiteClock "0:01:26"]
[BlackClock "0:00:03"]

1. e4 c5 2. Nf3 d6 3. d4 cxd4 4. Nxd4 Nf6 5. Nc3 a6 6. Be3 e5 7. Nf3 Be7 8. Bc4 Be6 9. Bxe6 fxe6 10. Ng5 Qd7 11. Qf3 Nc6 12. Qh3 h6 13. O-O-O Nd8 14. Bb6 O-O 15. Nf3 Nc6 16. Kb1 Rac8 17. Rd3 Nb4 18. Nxe5 Qe8 19. Qxe6+ Kh8 20. Qxe7 dxe5 21. Qxe8 Rfxe8 22. Rd2 Re6 23. Be3 Rec6 24. Rhd1 Rxc3 25. bxc3 Rxc3 26. Rd8+ Kh7 27. Bd2 Rc4 28. f3 Nxc2 29. Rc1 Na3+ 30. Kb2 Rxc1 31. Kxc1 Nc4 32. Bc3 Kg6 33. a4 Nh5 34. Rc8 b5 35. Rc6+ Kf7 36. a5 Nf4 37. Rxa6 Ne2+ 38. Kc2 1-0


[Site "https://www.chess.com"]

[Event "Titled Tuesday Blitz March 21 Early 2023"]
[White "Gonzalez, Francisco Silva"]
[Black "Lorparizangeneh, Shahin"]
[WhiteFideId "1512285"]
[BlackFideId "12521604"]
[WhiteElo "2074"]
[BlackElo "2526"]
[Result "0-1"]
[Round "06"]
[TimeControl "180+2"]
[Date "2023.03.21"]
[WhiteClock "0:01:00"]
[BlackClock "0:02:38"]

1. d4 c6 2. c4 d5 3. Nc3 Nf6 4. e3 e6 5. Nf3 a6 6. Bd3 dxc4 7. Bxc4 b5 8. Bd3 c5 9. a4 b4 10. Ne4 Nbd7 11. a5 Bb7 12. Nxc5 Bxc5 13. dxc5 Nxc5 14. Be2 Qxd1+ 15. Bxd1 O-O 16. Bd2 Nfe4 17. Bxb4 Nd3+ 18. Ke2 Nxb4 19. Bb3 Bd5 20. Ng5 Nxg5 21. Ra2 Nxa2 22. Bc4 Bxc4+ 23. Ke1 Rfd8 24. Rf1 Bxf1 25. h3 Bxg2 26. f3 Bxf3 27. e4 Rd1+ 0-1


[Site "https://www.chess.com"]

[Event "Titled Tuesday Blitz March 21 Early 2023"]
[White "Dudzinski, Pawel"]
[Black "Hamitevici, Vladimir"]
[WhiteFideId "1117890"]
[BlackFideId "13902393"]
[WhiteElo "2099"]
[BlackElo "2401"]
[Result "1/2-1/2"]
[Round "06"]
[TimeControl "180+2"]
[Date "2023.03.21"]
[WhiteClock "0:00:26"]
[BlackClock "0:00:08"]

1. e4 e5 2. Nf3 Nc6 3. d4 exd4 4. Nxd4 Qf6 5. Nxc6 dxc6 6. Qf3 Bc5 7. Bc4 Ne7 8. Qxf6 gxf6 9. Ke2 Rg8 10. g3 f5 11. Bd3 fxe4 12. Bxe4 Bf5 13. Nc3 O-O-O 14. Be3 Bb4 15. Bxf5+ Nxf5 16. Rad1 Bxc3 17. bxc3 Rde8 18. Rhe1 Nxe3 19. fxe3 Rg5 20. Rd4 Rh5 21. h4 Ra5 22. a4 b5 23. Rf1 Re7 24. Rf5 Kb7 25. Rdf4 Kb6 26. axb5 Rxb5 27. Rxf7 Rxf7 28. Rxf7 h5 29. Rf4 a5 30. Kf3 Rb1 31. Ra4 Kb5 32. Ra3 Rf1+ 33. Kg2 Rf8 34. e4 c5 35. Ra2 c4 36. Ra3 c6 37. Ra2 a4 38. Rb2+ Kc5 39. Ra2 Kb5 40. Rb2+ Kc5 41. Ra2 Ra8 42. Kf3 Kd6 43. g4 hxg4+ 44. Kxg4 Ke5 45. h5 Rg8+ 46. Kh4 Rg2 47. Rxa4 Kf4 48. Kh3 Rg3+ 49. Kh2 Rxc3 50. h6 Rxc2+ 51. Kh1 Rc1+ 52. Kg2 Rc2+ 53. Kh3 Rc3+ 54. Kh4 Rc1 55. Kh5 Rh1+ 56. Kg6 c3 57. Rc4 Rg1+ 58. Kf7 Rh1 59. Kg7 Rg1+ 60. Kf8 Rh1 61. Kg7 Rg1+ 62. Kh8 Rg3 63. h7 Ke5 64. Rxc6 Kxe4 65. Rc7 Kd3 66. Rd7+ Ke2 67. Re7+ Kd2 68. Rd7+ Ke2 69. Re7+ Kd1 70. Rd7+ Ke2 1/2-1/2


[Site "https://www.chess.com"]

[Event "Titled Tuesday Blitz March 21 Early 2023"]
[White "Larino Nieto, David"]
[Black "Bas Mas, Jose Joaquin"]
[WhiteFideId "2256444"]
[BlackFideId "22219064"]
[WhiteElo "2506"]
[BlackElo "2233"]
[Result "1-0"]
[Round "06"]
[TimeControl "180+2"]
[Date "2023.03.21"]
[WhiteClock "0:00:06"]
[BlackClock "0:00:05"]

1. e4 e6 2. d3 d5 3. Nd2 c5 4. Ngf3 Nc6 5. g3 Nge7 6. Bg2 g6 7. O-O Bg7 8. c3 b6 9. Re1 h6 10. h4 d4 11. cxd4 Nxd4 12. Nxd4 Qxd4 13. e5 Rb8 14. Nc4 O-O 15. Be3 Qd7 16. d4 cxd4 17. Qxd4 Nf5 18. Qxd7 Bxd7 19. Bd2 Rfd8 20. Bb4 Bf8 21. Bxf8 Kxf8 22. Rac1 Ke7 23. Ne3 Nxe3 24. Rxe3 Rbc8 25. Rec3 Rxc3 26. Rxc3 Rc8 27. Rxc8 Bxc8 28. f4 h5 29. Kf2 Kd7 30. Ke3 Kc7 31. Bf3 Bb7 32. Be2 Bd5 33. a3 a5 34. g4 hxg4 35. Bxg4 Bc6 36. f5 exf5 37. Bxf5 Bd7 38. Be4 Be6 39. Kf4 Kd7 40. Kg5 Ke7 41. Bd3 Bb3 42. Ba6 Bd5 43. Bc8 Ba2 44. Bg4 Bb3 45. Kf4 Ba2 46. b4 axb4 47. axb4 Be6 48. Bf3 Bf5 49. Ke3 f6 50. Kd4 Bc2 51. Kd5 fxe5 52. Kxe5 Kf7 53. Bd5+ Kg7 54. Kd6 Kh6 55. Bf3 g5 56. hxg5+ Kxg5 57. Kc6 Kf6 58. Kxb6 Ke7 59. Kc7 Ba4 60. Bc6 Bb3 61. b5 Be6 62. b6 1-0


[Site "https://www.chess.com"]

[Event "Titled Tuesday Blitz March 21 Early 2023"]
[White "Kubatko, Ivan"]
[Black "De Silva, L M S T"]
[WhiteFideId "24111473"]
[BlackFideId "9953698"]
[WhiteElo "2285"]
[BlackElo "2403"]
[Result "0-1"]
[Round "06"]
[TimeControl "180+2"]
[Date "2023.03.21"]
[WhiteClock "0:00:02"]
[BlackClock "0:01:36"]

1. e4 c6 2. d4 d5 3. exd5 cxd5 4. c4 Nf6 5. Nc3 e6 6. Nf3 Be7 7. cxd5 Nxd5 8. Bd3 O-O 9. O-O Nf6 10. Re1 b6 11. Bg5 Bb7 12. Ne5 h6 13. Bh4 Nc6 14. Nxc6 Bxc6 15. Rc1 Bb7 16. Bb1 Nd5 17. Qd3 g6 18. Bg3 Bf6 19. Ne4 Be7 20. Qd2 Kh7 21. a3 Qd7 22. h4 h5 23. Ng5+ Kg7 24. Be5+ f6 25. Qd3 Qe8 26. Nxe6+ Kh7 27. Qf3 Rh8 28. Qxh5+ Kg8 29. Qxg6+ Qxg6 30. Bxg6 fxe5 31. Rxe5 Rxh4 32. Nc7 Rc8 0-1


[Site "https://www.chess.com"]

[Event "Titled Tuesday Blitz March 21 Early 2023"]
[White "polandchessplayer"]
[Black "Devaev, Alexander"]
[BlackFideId "4169395"]
[WhiteElo "2634"]
[BlackElo "2225"]
[Result "1-0"]
[Round "06"]
[TimeControl "180+2"]
[Date "2023.03.21"]
[WhiteClock "0:00:29"]
[BlackClock "0:00:12"]

1. c4 c5 2. Nc3 e6 3. g3 Nf6 4. Bg2 Be7 5. e4 O-O 6. Nge2 d6 7. O-O Nc6 8. d3 Rb8 9. Be3 a6 10. a4 Bd7 11. Rb1 Qc7 12. h3 Na5 13. Kh2 b5 14. axb5 axb5 15. cxb5 Bxb5 16. Nxb5 Rxb5 17. d4 Nc4 18. Bf4 Nxb2 19. Qc2 Rfb8 20. Rfc1 c4 21. Nc3 Rb3 22. Bf1 Qc6 23. Bg2 Qb6 24. Be3 Qb4 25. Bd2 Nd3 26. Nd5 Qb5 27. Nxe7+ Kf8 28. Nc6 Rb4 29. Nxb4 Nxb4 30. Rxb4 1-0


[Site "https://www.chess.com"]